 Dungeon Crawl Stone Soup version 0.31-a0-1206-g41278d8d1d (webtiles) character file.

Game seed: 3233094577893150559

54 MachoJfn the Chopper (level 3, -3/28 HPs)
             Began as a Demonspawn Gladiator on Dec 12, 2023.
             Slain by Sigmund
             ... wielding a +0 scythe
              (10 damage)
             ... on level 2 of the Dungeon on Dec 13, 2023.
             The game lasted 00:06:25 (1848 turns).

MachoJfn the Chopper (Demonspawn Gladiator)         Turns: 1848, Time: 00:06:26

Health: -3/28      AC:  7    Str: 16    XL:     3   Next: 66%
Magic:  3/3        EV: 13    Int:  8    God:
Gold:   172        SH:  0    Dex: 14    Spells: 2/2 levels left

rFire   . . .        a - +0 war axe
rCold   . . .        (no shield)
rNeg    . . .        b - +0 leather armour
rPois   .            c - +1 helmet
rElec   .            m - +0 cloak
rCorr   .            (no gloves)
SInv    .            f - +0 pair of boots
Will    .....        (no amulet)
Stlth   +            (no ring)
HPRegen 0.24/turn    (no ring)
MPRegen 0.08/turn

%: no passive effects
@: no status effects
A: foul stench 1, sturdy frame 1
a: no special abilities


You were on level 2 of the Dungeon.
You visited 1 branch of the dungeon, and saw 2 of its levels.

You collected 172 gold pieces.

Inventory:

Hand Weapons
 a - a +0 war axe (weapon)
Missiles
 d - 3 throwing nets (quivered)
 e - a javelin
 p - 21 stones
Armour
 b - a +0 leather armour (worn)
 c - a +1 helmet (worn)
 f - a +0 pair of boots (worn)
 m - a +0 cloak (worn)
Magical Staves
 h - a staff of earth
 i - a staff of fire
Wands
 r - a wand of polymorph (10)
Scrolls
 o - a scroll of identify
 q - a scroll of enchant weapon {unknown}
Potions
 g - 3 potions of curing
 j - a potion of magic {unknown}
 k - 3 potions of haste {unknown}
 l - a potion of brilliance
 n - a potion of attraction {unknown}


   Skills:
 + Level 2.4 Fighting
 + Level 3.5 Axes
 - Level 1.7 Throwing
 + Level 0.5 Armour
 + Level 3.1 Dodging


You had 2 spell levels left.
You didn't know any spells.
Your spell library contained the following spells:

 Spells                   Type           Power      Damage    Failure   Level
 Freeze                   Ice            0%         1d3       41%         1
 Blink                    Tloc           0%         N/A       56%         2
 Frozen Ramparts          Ice            0%         1d1       80%         3
 Hailstorm                Conj/Ice       0%         3d5       80%         3
 Manifold Assault         Tloc           0%         N/A       99%         4


Dungeon Overview and Level Annotations

Branches:
Dungeon (2/15)

Altars:

Annotations:
D:2 Sigmund


Innate Abilities, Weirdness & Mutations

You may rarely emit foul miasma when damaged in melee.
Your movements are slightly less encumbered by armour. (ER -2)


Message History

You barely miss the endoplasm.
The endoplasm is severely wounded.
The endoplasm is engulfed in dark miasma.
The endoplasm seems to slow down.
You kill the endoplasm!
A kobold comes into view. It is wielding a +0 dagger.
The kobold throws a stone.
The stone hits you but does no damage.
Found a stone staircase leading down.
The kobold hits you with a +0 dagger.
You barely miss the kobold. The kobold hits you with a +0 dagger.
You hit the kobold.
You kill the kobold!
p - 21 stones (gained 4)
You see here a +0 dagger.
There is a stone staircase leading down here.
You see here a +0 dagger.
Sigmund and a worm come into view.
Sigmund is wielding a +0 scythe and wearing a +0 robe of willpower.
Sigmund shouts!
Sigmund mumbles some strange words.
Sigmund flickers and vanishes!
Deactivating autopickup; reactivate with Ctrl-A.
Found a robe.
A puff of flame appears from out of thin air!
The puff of flame misses you. Something hits you.
You barely miss something. Something hits you!
You barely miss something. You barely miss something.
Something hits you but does no damage.
You hit something but do no damage. Your punch misses something.
Something hits you!
* * * LOW HITPOINT WARNING * * *
You slash something! Something hits you but does no damage.
You closely miss something. Something hits you.
* * * LOW HITPOINT WARNING * * *
You closely miss something. Something completely misses you.
You miss something. Something barely misses you.
You closely miss something. Something hits you.
* * * LOW HITPOINT WARNING * * *
You barely miss something. Something hits you!
You die...

#.......+.........+..
##.....##.........###
#................##
#.........#.....##
#.........##...##
#.##...######'#######
#. #...# #.# #....
###.##...######.###.###
#.....@...............#
#.#.###w.#####...##.#.#
#...# #.....#..#.
w.....###...##.###
###.[.## ##.####.#.
#..## ### ##.# ..## ###
###


You could see a worm.

Vanquished Creatures
  An adder (D:2)
  A dart slug (D:2)
  4 endoplasms (D:2)
  4 giant cockroaches
  6 goblins
  3 hobgoblins
  2 quokkas
  7 ball pythons
  A bat (D:2)
  3 frilled lizards (D:1)
  6 kobolds
  2 rats (D:1)
40 creatures vanquished.

Notes
Turn   | Place    | Note
-------+----------+-------------------------------------------
     0 | D:1      | MachoJfn the Demonspawn Gladiator began the quest for the
                  | Orb.
     0 | D:1      | Reached XP level 1. HP: 16/16 MP: 1/1
   266 | D:1      | Gained mutation: Your movements are slightly less
                  | encumbered by armour. (ER -2) [demonic ancestry]
   266 | D:1      | Reached XP level 2. HP: 20/22 MP: 2/2
   990 | D:2      | Gained mutation: You may rarely emit foul miasma when
                  | damaged in melee. [demonic ancestry]
   990 | D:2      | Reached XP level 3. HP: 8/27 MP: 3/3
  1478 | D:2      | Upgraded the game from 0.31-a0-1204-ge2c1a860ed to
                  | 0.31-a0-1206-g41278d8d1d
  1834 | D:2      | Noticed Sigmund
  1848 | D:2      | Slain by Sigmund

Illustrated notes

Levels and vault maps discovered:
D:1:      lightli_arrival_maybe_door_vault, layout_rooms
D:2:      kb_forest_paths, layout_loops_corners, uniq_sigmund

Skill      XL: |  1  2 |
---------------+-------+-----
Axes           | 3 |  3.5
Dodging        | 3 |  3.1
Fighting       | |  2.4
Throwing       | |  1.7
Armour         | |  0.5

Action                     || total
---------------------------++-------
  Melee: War axe           ||   109
    Use: Scroll            ||     7
         Potion            ||     1
   Stab: Sleeping          ||     1
 Armour: Leather armour    ||    75
  Dodge: Dodged            ||    71

Table legend: (Time is in decaauts)
 A = Elapsed time spent in this place.
 B = Non-inter-level travel time spent in this place.
 C = Inter-level travel time spent in this place.
 D = Time resting spent in this place.
 E = Time spent auto-exploring this place.
 F = Levels seen in this place.
 G = Mean time per level.
                   A        B        C        D        E       F      G
               +--------+--------+--------+--------+--------+-----+--------+
         Total |   1884 |   1792 |     92 |    280 |    982 |   2 |  942.0 |
       Dungeon |   1884 |   1792 |     92 |    280 |    982 |   2 |  942.0 |
               +--------+--------+--------+--------+--------+-----+--------+

Top non-repeatable levels by time:
     D:2: 1137 daAuts
     D:1: 746 daAuts
